 Dungeon Sprint DCSS version 0.30.1-4-g462c640d31 (webtiles) character file.

Game seed: 7874656408601602083

434 Heoruswealwe the Imperceptible (level 6, -1/29 HPs)
             Began as a Spriggan Artificer on Sept 6, 2023.
             Was the Champion of Zin.
             Slain by Sonja
             ... wielding a +0 short sword of distortion
              (12 damage)
             ... in the Dungeon (Sprint I: "Red Sonja").
             The game lasted 00:03:30 (208 turns).

Heoruswealwe the Imperceptible (Spriggan Artificer)  Turns: 208, Time: 00:03:30

Health: -1/29      AC:  2    Str:  8    XL:     6   Next: 68%
Magic:  7/7        EV: 18    Int: 12    God:    Zin [******]
Gold:   323        SH:  0    Dex: 18    Spells: 5/5 levels left

rFire   . . .        a - +0 club
rCold   . . .        (no shield)
rNeg    . . .        b - +0 robe
rPois   .            (helmet restricted)
rElec   .            (no cloak)
rCorr   .            (gloves unavailable)
SInv    +            (boots unavailable)
Will    +....        (no amulet)
Stlth   ++++++++     (no ring)
HPRegen 0.24/turn    (no ring)
MPRegen 0.10/turn

%: no teleportation
@: very quick
A: very small, no large weapons, unfitting armour, see invisible, speed 3
a: Renounce Religion, Recite, Vitalisation, Imprison, Sanctuary, Donate Gold


You were in the Dungeon.
You worshipped Zin.
Zin was exalted by your worship.
You visited 1 branch You collected 358 gold pieces.
You donated 35 gold pieces to Zin.

Inventory:

Hand Weapons
 a - a +0 club (weapon)
Armour
 b - a +0 robe (worn)
Wands
 c - a wand of flame (6) (quivered)
 d - a wand of charming (15)
 h - a wand of digging (5)
Scrolls
 i - a scroll of silence {unknown}
 k - 2 scrolls of blinking
Potions
 f - a potion of curing
 g - a potion of heal wounds


   Skills:
 - Level 0.7 Fighting
 - Level 3.2 Dodging
 + Level 21.1 Stealth
 - Level 4.0 Evocations


You had 5 spell levels left.
You didn't know any spells.
Your spell library was empty.

Dungeon Overview and Level Annotations

Branches:
Dungeon (1/1)

Altars:
Cheibriados
Dithmenos
Elyvilon
Fedhas
Gozag
Hepliaklqana
Kikubaaqudgha
Nemelex Xobeh
Okawaru
Qazlal
Ru
Sif Muna
Trog
Uskayaw
Vehumet
Wu Jian
Yredelemnul
Zin
The Shining One

Shops:
D *

Annotations:
D Sonja


Innate Abilities, Weirdness & Mutations

You are very small and have problems with some larger weapons.
You are too small for most types of armour.
You have supernaturally acute eyesight. (SInv)
You cover ground extremely quickly. (Speed+++)


Message History

The yak is almost dead.
The yak gores you!
The puff of flame hits the yak!
You kill the yak!
Your Stealth skill gained 2 levels and is now at level 21!
There is an ornate altar of the Wu Jian Council here.
You see here a yak corpse.
Found an opulent altar of Gozag.
There is an open door here.
Found a sparkling altar of Nemelex Xobeh.
There is a bloodstained altar of Trog here.
There is a glowing silver altar of Zin here.
You kneel at the altar of Zin.
Zin welcomes you!
You pay a tithe of 35 gold.
You can now recite Zin's Axioms of Law.
You can now call upon Zin for vitalisation.
You can now call upon Zin to imprison the lawless.
You can now call upon Zin to create a sanctuary.
Zin will now cleanse your potions of mutation.
You can now donate money to Zin.
There is a bloodstained altar of Trog here.
There is an entrance to Fiti's General Store here.
There is an open door here.
You start resting.
HP restored.
You open the door.
Sonja, the Graceful Assassin comes into view.
She is wielding a +0 short sword of distortion and quivering curare-tipped darts.
Found 108 gold pieces.
There is an open door here.
The helpless Sonja fails to defend herself.
You thump Sonja!
Sonja is moderately wounded.
Sonja hits you with a +0 short sword of distortion.
Space warps around you.
Sonja hits you with a +0 short sword of distortion.
Space warps around you.
Sonja hits you with a +0 short sword of distortion.
Space warps horribly around you!
You die...

#..#####'#####'#
#..####..#...#.#
#..#__####..##.#
#..#_____##'#_.+
#⌠⌠#_.∩...'..._#
##.#_..__##_.#'#
#..#_____###'#.#
############.###


+$@$+ #$K$# ##.## #+# You could see Sonja.

Vanquished Creatures
  Sigmund (D)
  A yak (D)
  An ogre (D)
  Ijyb (D)
  A jelly (D)
5 creatures vanquished.

Notes
Turn   | Place    | Note
-------+----------+-------------------------------------------
     0 | D        | Heoruswealwe the Spriggan Artificer began the quest for the
                  | Orb.
     0 | D        | Reached XP level 1. HP: 9/9 MP: 2/2
     1 | D        | Noticed Ijyb
    13 | D        | Killed Ijyb
    14 | D        | Reached skill level 9 in Stealth
    14 | D        | Reached XP level 2. HP: 9/14 MP: 3/3
    65 | D        | Noticed an ogre
    71 | D        | Killed an ogre
    72 | D        | Reached skill level 14 in Stealth
    72 | D        | Reached XP level 3. HP: 17/17 MP: 4/4
    72 | D        | Reached XP level 4. HP: 21/21 MP: 5/5
    86 | D        | Noticed Sigmund
    89 | D        | Killed Sigmund
    90 | D        | Reached skill level 18 in Stealth
    90 | D        | Reached XP level 5. HP: 18/25 MP: 6/6
    90 | D        | Reached XP level 6. HP: 20/29 MP: 7/7
   128 | D        | Found an ornate altar of the Wu Jian Council.
   128 | D        | Found a shimmering blue altar of Sif Muna.
   133 | D        | Reached skill level 19 in Stealth
   133 | D        | Found a radiant altar of Vehumet.
   160 | D        | Found Fiti's General Store.
   160 | D        | Found an ancient bone altar of Kikubaaqudgha.
   160 | D        | Found a hazy altar of Hepliaklqana.
   160 | D        | Found a stormy altar of Qazlal.
   160 | D        | Found a hide-covered altar of Uskayaw.
   160 | D        | Found a blossoming altar of Fedhas.
   160 | D        | Found a bloodstained altar of Trog.
   160 | D        | Found an iron altar of Okawaru.
   160 | D        | Found a basalt altar of Yredelemnul.
   160 | D        | Found a glowing golden altar of the Shining One.
   160 | D        | Found a snail-covered altar of Cheibriados.
   160 | D        | Found a sacrificial altar of Ru.
   160 | D        | Found a glowing silver altar of Zin.
   160 | D        | Found a shadowy altar of Dithmenos.
   160 | D        | Found a white marble altar of Elyvilon.
   160 | D        | Noticed a yak
   170 | D        | Killed a yak
   171 | D        | Reached skill level 21 in Stealth
   175 | D        | Found an opulent altar of Gozag.
   176 | D        | Found a sparkling altar of Nemelex Xobeh.
   181 | D        | Became a worshipper of Zin the Law-Giver
   181 | D        | Reached * piety under Zin
   181 | D        | Reached ** piety under Zin
   181 | D        | Reached *** piety under Zin
   181 | D        | Reached **** piety under Zin
   181 | D        | Reached ***** piety under Zin
   181 | D        | Reached ****** piety under Zin
   204 | D        | Noticed Sonja
   208 | D        | Slain by Sonja

Illustrated notes

Levels and vault maps discovered:
D:        dungeon_sprint_1 [red_sonja_temple_1, red_sonja_temple_small_1]

Skill      XL: |  1  2  3  4  5  6 |
---------------+-------------------+-----
Stealth        | 9 14 18 21 | 21.1
Fighting       | |  0.7
Dodging        | |  3.2
Evocations     | |  4.0

Action                     |  1- 3 |  4- 6 || total
---------------------------+-------+-------++-------
  Melee: Club              |     9 |     1 ||    10
  Evoke: Wand              |     4 |    11 ||    15
    Use: Potion            |     2 |       ||     2
   Stab: Sleeping          |       |     1 ||     1
  Dodge: Dodged            |     5 |       ||     5
